 Dungeon Crawl Stone Soup version 0.20.1-1-g8b1a95d (webtiles) character file.

4724 kae the Spear-Bearer (level 10, -3/106 HPs)
             Began as a Naga Fighter on Sept 26, 2017.
             Was an Elder of Makhleb.
             Slain by a two-headed ogre
             ... wielding a +0 giant spiked club
              (15 damage)
             ... on level 8 of the Dungeon.
             The game lasted 00:11:09 (9060 turns).

kae the Spear-Bearer (Naga Fighter)                 Turns: 9060, Time: 00:11:10

Health: -3/106     AC: 16    Str: 27    XL:     10   Next: 45%
Magic:  14/14      EV:  5    Int:  9    God:    Makhleb [****..]
Gold:   552        SH:  0    Dex: 10    Spells: 9/9 levels left

rFire    + . .     SeeInvis +   z - +4 scythe (flame)
rCold    . . .     Gourm    .   (shield currently unavailable)
rNeg     . . .     Faith    .   y - +1 plate armour "Istradack" {*Slow Str+5}
rPois    +         Spirit   .   A - +2 helmet
rElec    .         Reflect  .   M - scarf {repulsion}
rCorr    .         Harm     .   (no gloves)
MR       +....                  (no barding)
Stlth    ..........             (no amulet)
Regen    0.0/turn               o - ring of protection from fire
MPRegen  0.2/turn               m - ring of flight

@: drained, repel missiles, very slow
A: rugged brown scales 1, see invisible, deformed body, poison resistance,
robust 1, slowness 2, inhibited regeneration, slow metabolism 1, spit poison 1,
AC +3
a: Spit Poison, Minor Destruction, Lesser Servant of Makhleb, Major Destruction,
Renounce Religion, Evoke Flight


You were on level 8 of the Dungeon.
You worshipped Makhleb.
Makhleb was greatly pleased with you.
You were not hungry.

You visited 2 branches of the dungeon, and saw 9 of its levels.
You also visited: Ossuary.

You collected 552 gold pieces.

Inventory:

Hand Weapons
 a - a +1 trident
 u - a +0 trident of protection
 z - a +4 scythe of flaming (weapon)
Armour
 y - the +1 plate armour "Istradack" (worn) {*Slow Str+5}
   (You took it off an orc on level 5 of the Dungeon)

   It affects your strength (+5).
   It may slow you when you take damage.
 A - a +2 helmet (worn)
 L - a +2 cloak of magic resistance
 M - a scarf of repulsion (worn)
Jewellery
 m - a ring of flight (right hand)
 o - a ring of protection from fire (left hand)
Wands
 i - a wand of acid (6/15)
 B - a wand of disintegration (20/24)
 J - a wand of disintegration (12/24)
Scrolls
 h - 5 scrolls of blinking
 n - 2 scrolls of magic mapping
 t - a scroll of remove curse
 v - 2 scrolls of enchant armour
 C - 2 scrolls of teleportation
 G - a scroll of recharging
Potions
 d - a potion of might
 e - 2 potions of agility
 g - 9 potions of heal wounds
 j - 2 potions of resistance
 k - a potion of ambrosia
 l - a potion of mutation
 p - a potion of haste
 r - 3 potions of magic
 s - 2 potions of curing
 x - 3 potions of flight {unknown}
 D - a potion of brilliance {unknown}
 E - a potion of invisibility {unknown}
 F - a potion of berserk rage {unknown}
 H - a potion of cancellation {unknown}
Books
 w - a book of Air

   Spells                             Type                      Level
   a - Shock                          Conjuration/Air              1
   b - Swiftness                      Charms/Air                   2
   c - Static Discharge               Conjuration/Air              3
   d - Airstrike                      Air                          4
   e - Lightning Bolt                 Conjuration/Air              5
 I - a book of Cantrips

   Spells                             Type                      Level
   a - Confusing Touch                Hexes                        1
   b - Animate Skeleton               Necromancy                   1
   c - Summon Small Mammal            Summoning                    1
   d - Apportation                    Translocation                1
Comestibles
 b - 6 chunks of flesh
 f - 7 bread rations
 q - 3 meat rations


   Skills:
 + Level 7.6(7.4) Fighting
 * Level 10.1(9.8) Polearms
 + Level 6.2(6.0) Armour
   Level 2.4(2.2) Shields
 + Level 6.2(6.0) Invocations


You had 9 spell levels left.
You didn't know any spells.

Dungeon Overview and Level Annotations

Branches:
Dungeon (8/15)             Temple (1/1) D:4
   Lair: D:8-11

Altars:
Ashenzari
Cheibriados
Elyvilon
Fedhas
Gozag
Hepliaklqana
Kikubaaqudgha
Makhleb
Nemelex Xobeh
Okawaru
Qazlal
Ru
Trog
Uskayaw
Vehumet
Xom
Yredelemnul
Zin
The Shining One

Annotations:
D:8 Grum


Innate Abilities, Weirdness & Mutations

You cannot wear boots.
Your serpentine skin is tough. (AC +3)
You have supernaturally acute eyesight. (SInv)
Armour fits poorly on your strangely shaped body.
Your system is resistant to poisons. (rPois)
You cover ground very slowly.
You have a slow metabolism.
You can spit poison.
You are partially covered in rugged brown scales. (AC +1, +3% HP)
You are robust. (+10% HP)
You do not regenerate when monsters are visible.


Message History

You slice the two-headed ogre!! You burn the two-headed ogre.
The two-headed ogre is severely wounded.
The two-headed ogre hits you with a giant spiked club!!
The two-headed ogre hits you with a giant spiked club!
A crimson imp comes into view.
You are too injured to fight recklessly!
You are too injured to fight recklessly!
You are too injured to fight recklessly!
Your plate armour "Istradack" prevents you from hitting the two-headed ogre.
The two-headed ogre is severely wounded.
The crimson imp shouts!
The crimson imp moves out of view.
The two-headed ogre hits you with a giant spiked club!
The two-headed ogre barely misses you.
You hit the two-headed ogre. You burn the two-headed ogre.
The two-headed ogre is severely wounded.
The two-headed ogre hits you with a giant spiked club!!
* * * LOW HITPOINT WARNING * * *
The two-headed ogre hits you with a giant spiked club!
You die...

. #.. #..
... ... #
... ..# #
.._ #.# #
... #.# # #
.5#####.##.#
# #
#..ghhO....#
#.# #@# #.#
#.# #.. #.#
###### #.#
#...## #.###
######.#...
#...#
#..........
###.#
#.#####.###
#.# #.# #.#
# #.# #.#
#.# #


You could see a two-headed ogre, Grum, 2 wolves and a crimson imp.

Vanquished Creatures
  A spriggan (D:7)
  5 yaks (D:8)
  Sigmund (D:6)
  Edmund (D:4)
  2 sky beasts
  An ice beast (D:5)
  A black bear (D:7)
  4 centaurs
  A phantom (D:8)
  3 ogres
  3 big kobolds
  2 elf zombies (Ossuary)
  2 bullfrogs
  2 scorpions
  9 killer bees
  5 wights (D:8)
  5 howler monkeys
  3 crimson imps
  A quasit (D:7)
  3 centaur zombies
  2 bullfrog zombies (D:5)
  6 iguanas
  2 orc wizards
  Crazy Yiuf (D:7)
  3 bullfrog skeletons
  Natasha (thrice) (D:4)
  3 worker ants
  A hound skeleton (D:5)
  2 mummies (Ossuary)
  A worker ant zombie (D:6)
  A howler monkey zombie (D:5)
  A gnoll (D:4)
  9 adders
  A shadow imp (D:6)
  An ooze (D:5)
  An adder skeleton (D:7)
  4 adder zombies (Ossuary)
  5 worms
  2 dart slugs
  4 leopard geckos
  25 orcs
  A ball python (D:4)
  9 bats
  5 giant cockroaches
  6 goblins
  13 hobgoblins
  4 jackals (D:4)
  6 frilled lizards
  9 hobgoblin zombies (Ossuary)
  2 jackal zombies (Ossuary)
  48 kobolds
  8 kobold zombies (Ossuary)
  A leopard gecko skeleton (D:8)
  A leopard gecko zombie (D:6)
  9 orc zombies (Ossuary)
  2 rats (D:1)
  A rat zombie (Ossuary)
258 creatures vanquished.

Vanquished Creatures (collateral kills)
  An orc warrior (D:7)
1 creature vanquished.

Grand Total: 259 creatures vanquished

Notes
Turn   | Place    | Note
-------+----------+-------------------------------------------
     0 | D:1      | kae the Naga Fighter began the quest for the Orb.
     0 | D:1      | Reached XP level 1. HP: 21/21 MP: 1/1
   402 | D:1      | Reached XP level 2. HP: 28/28 MP: 2/2
  1285 | D:2      | Reached XP level 3. HP: 34/34 MP: 3/3
  1857 | D:3      | Reached skill level 3 in Polearms
  1857 | D:3      | Reached XP level 4. HP: 32/44 MP: 4/4
  2509 | D:3      | Reached XP level 5. HP: 41/50 MP: 5/5
  2748 | D:4      | Noticed Edmund
  2768 | D:4      | Killed Edmund
  2768 | D:4      | Reached skill level 4 in Polearms
  2768 | D:4      | Reached XP level 6. HP: 27/57 MP: 6/6
  3001 | D:4      | Found a staircase to the Ecumenical Temple.
  3073 | Temple   | Entered the Ecumenical Temple
  3158 | Temple   | Became a worshipper of Makhleb the Destroyer
  3333 | D:4      | Noticed Natasha
  3345 | D:4      | Killed Natasha
  3380 | D:4      | Noticed Natasha
  3387 | D:4      | Killed Natasha
  3452 | D:4      | Noticed Natasha
  3460 | D:4      | Killed Natasha
  3614 | D:4      | Reached skill level 5 in Polearms
  3786 | D:4      | Reached skill level 1 in Invocations
  3786 | D:4      | Reached XP level 7. HP: 39/66 MP: 7/7
  4347 | D:4      | Reached skill level 5 in Fighting
  4696 | D:4      | Reached * piety under Makhleb
  4738 | D:4      | Reached skill level 6 in Polearms
  4757 | D:4      | Reached XP level 8. HP: 53/74 MP: 9/9
  5265 | D:5      | Entered Level 5 of the Dungeon
  5271 | D:5      | Reached ** piety under Makhleb
  5661 | D:5      | Got a faintly humming plate armour
  5672 | D:5      | Identified the +1 plate armour "Istradack" {*Slow Str+5} (You took it off an orc on level 5 of the Dungeon)
  5778 | D:5      | Found a shattered altar of Ashenzari.
  5815 | D:5      | Reached skill level 7 in Polearms
  6012 | D:6      | Found a white marble altar of Elyvilon.
  6049 | D:6      | Gained mutation: You are partially covered in rugged brown scales. (AC +1, +3% HP) [potion of mutation]
  6049 | D:6      | Gained mutation: You are robust. (+10% HP) [potion of mutation]
  6049 | D:6      | Gained mutation: You do not regenerate when monsters are visible. [potion of mutation]
  6099 | D:6      | Noticed Sigmund
  6108 | D:6      | Killed Sigmund
  6257 | D:6      | Found a sand-covered staircase.
  6303 | Ossuary  | Entered an ossuary
  6400 | Ossuary  | Reached *** piety under Makhleb
  6418 | Ossuary  | Reached XP level 9. HP: 89/92 MP: 12/12
  6473 | Ossuary  | Reached skill level 5 in Armour
  7083 | D:6      | Reached skill level 8 in Polearms
  7914 | D:7      | Reached skill level 5 in Invocations
  8312 | D:7      | Reached skill level 9 in Polearms
  8331 | D:7      | Found a runed door.
  8585 | D:7      | Noticed Crazy Yiuf
  8593 | D:7      | Killed Crazy Yiuf
  8633 | D:8      | Reached **** piety under Makhleb
  8653 | D:8      | Found a sparkling altar of Nemelex Xobeh.
  8684 | D:8      | Reached XP level 10. HP: 104/106 MP: 14/14
  8983 | D:8      | Reached skill level 10 in Polearms
  9055 | D:8      | Noticed a two-headed ogre
  9058 | D:8      | Noticed Grum
  9060 | D:8      | Slain by a two-headed ogre

Skill      XL: |  1  2  3  4  5  6  7  8  9 10 |
---------------+-------------------------------+-----
Polearms       | 3 4 5 6 7 9 10 | 10.1
Armour         | 3 4 5 6 |  6.2
Fighting       | 4 5 6 7 |  7.6
Invocations    | 1 2 4 5 6 |  6.2
Shields        | |  2.4

Action                   |  1- 3 |  4- 6 |  7- 9 | 10-12 || total
-------------------------+-------+-------+-------+-------++-------
Melee: Trident           |   132 |   193 |   303 |       ||   628
       Scythe            |       |       |   240 |    74 ||   314
Invok: Minor Destruction |       |       |     4 |       ||     4
       Lesser Servant of |       |       |     1 |       ||     1
 Abil: Spit Poison       |     6 |    12 |    13 |       ||    31
  Use: Scroll            |    10 |       |     9 |       ||    19
       Potion            |       |       |     2 |       ||     2
  Eat: Chunk             |     3 |     6 |     8 |     1 ||    18
       Fruit             |       |       |     2 |       ||     2
       Meat ration       |       |       |     1 |       ||     1
Armor: Scale mail        |    56 |    76 |   177 |       ||   309
       Plate armour      |       |       |   227 |    83 ||   310
Dodge: Dodged            |    24 |    34 |   133 |    30 ||   221
Block: Shield            |    50 |    80 |   129 |       ||   259
